Map: 월드 오브 슬리퍼스 - 래더

Players

IntoTheZoun (Zoun) - Winner!

  • Race: Protoss Protoss
  • League: Master
  • Spawn Location: 7:00

llllllllllll (Trap)

  • Race: Protoss Protoss
  • League: Master
  • Spawn Location: 1:00

VOD

Have the link to the VOD?

Description

Time

  • Played on: Jan. 9, 2020, 4:10 a.m.
  • Length: 8:24
Show
View Real Time Build Order
Export as new Build Order

IntoTheZoun Protoss - Winner!

Build Orders: Blink Stalkers, Zealot Archon 

Get SALT Encoding   

  12  0:00  Probe  
  13  0:12  Probe  
  14  0:17  Pylon  
  14  0:25  Probe (Chrono Boost)  
  16  0:36  Probe (Chrono Boost)  
  16  0:37  Gateway  
  16  0:41  Probe (Chrono Boost)  
  16  0:45  Assimilator  
  17  0:51  Probe  
  17  0:53  Assimilator  
  18  1:03  Probe (Chrono Boost)  
  19  1:10  Gateway  
  19  1:13  Probe (Chrono Boost)  
  19  1:18  Probe (Chrono Boost)  
  20  1:24  Cybernetics Core  
  21  1:30  Probe  
  22  1:33  Pylon  
  22  1:42  Probe  
  23  1:54  Probe  
  23  1:57  Warp Gate (Chrono Boost)  
  23  2:00  Stalker x2  
  28  2:13  Probe  
  28  2:14  Pylon  
  29  2:37  Nexus  
  29  2:38  Sentry  
  31  2:45  Stalker  
  31  2:49  Probe  
  34  3:00  Twilight Council  
  34  3:05  Shield Battery  
  34  3:08  Probe  
  35  3:22  Pylon  
  35  3:24  Probe  
  36  3:32  Blink (Chrono Boost)  
  36  3:34  Sentry  
  36  3:40  Stalker  
  40  3:41  Probe  
  41  3:49  Pylon  
  41  3:51  Probe  
  42  3:57  Stalker  
  44  4:10  Stalker  
  44  4:13  Probe  
  44  4:16  Probe  
  48  4:19  Shield Battery  
  48  4:22  Stalker  
  50  4:25  Probe  
  50  4:27  Phoenix  
  49  4:34  Probe  
  50  4:38  Probe  
  51  4:47  Probe  
  51  4:52  Probe  
  53  4:59  Probe (Chrono Boost), Forge  
  54  5:02  Stalker  
  57  5:10  Probe (Chrono Boost)  
  57  5:11  Probe (Chrono Boost), Stalker  
  60  5:16  Probe (Chrono Boost)  
  60  5:18  Probe (Chrono Boost)  
  60  5:19  Pylon  
  62  5:23  Robotics Facility  
  62  5:27  Probe  
  63  5:28  Probe  
  63  5:29  Charge  
  63  5:30  Protoss Ground Weapons Level 1 (Chrono Boost)  
  64  5:40  Gateway x2  
  64  5:43  Probe  
  65  5:57  Nexus  
  65  5:59  Pylon  
  65  6:04  Assimilator  
  65  6:08  Gateway  
  65  6:10  Observer  
  65  6:11  Gateway  
  66  6:24  Templar Archives  
  66  6:25  Probe x2, Gateway  
  68  6:31  Gateway  
  68  6:34  Warp Prism  
  70  6:41  Probe x2  
  70  6:43  Pylon  
  72  6:52  Zealot x3  
  78  6:59  Pylon  
  78  7:03  Pylon  
  78  7:04  High Templar x2  
  78  7:05  Zealot  
  84  7:13  Archon  
  84  7:19  Zealot x4  
  92  7:26  Zealot x2  
  96  7:37  High Templar x2  
  96  7:38  Zealot  
  96  7:41  Shield Battery  
  96  7:42  Archon, Shield Battery  
  96  7:44  Zealot x3  
  108  7:45  Zealot  
  108  7:52  Zealot x2  
  110  8:02  Zealot x2  
  110  8:05  Zealot  
  116  8:10  Zealot  
  116  8:11  Zealot x2  
  112  8:18  Zealot x2  
Show
View Real Time Build Order
Export as new Build Order

llllllllllll Protoss 

Build Orders: Oracle Opening, Zealot Archon 

Get SALT Encoding   

  12  0:00  Probe  
  13  0:12  Probe  
  14  0:17  Pylon  
  14  0:24  Probe (Chrono Boost)  
  15  0:36  Probe (Chrono Boost), Gateway  
  16  0:44  Probe (Chrono Boost)  
  16  0:46  Assimilator  
  17  0:51  Probe  
  17  0:54  Assimilator  
  18  1:03  Probe (Chrono Boost)  
  19  1:08  Gateway  
  19  1:13  Probe (Chrono Boost)  
  19  1:18  Probe (Chrono Boost)  
  20  1:23  Cybernetics Core  
  21  1:29  Probe  
  22  1:36  Pylon  
  22  1:41  Probe  
  23  1:54  Probe  
  24  2:00  Warp Gate  
  24  2:01  Stargate  
  24  2:07  Stalker  
  26  2:15  Stalker  
  26  2:20  Pylon  
  27  2:42  Oracle (Chrono Boost)  
  27  2:43  Shield Battery  
  30  3:00  Probe  
  30  3:03  Robotics Facility  
  31  3:08  Zealot  
  33  3:20  Nexus  
  34  3:27  Probe  
  34  3:30  Pylon  
  34  3:39  Probe  
  35  3:47  Adept  
  35  3:48  Adept  
  39  3:51  Probe (Chrono Boost)  
  39  3:53  Observer  
  41  4:00  Probe (Chrono Boost)  
  42  4:05  Probe (Chrono Boost)  
  43  4:15  Pylon  
  41  4:31  Probe (Chrono Boost), Immortal  
  41  4:35  Probe (Chrono Boost)  
  47  4:42  Probe (Chrono Boost), Sentry x2  
  47  4:43  Probe (Chrono Boost)  
  53  4:47  Probe (Chrono Boost)  
  53  4:49  Probe, Forge  
  55  4:58  Probe  
  55  4:59  Assimilator  
  54  5:01  Probe  
  54  5:02  Assimilator  
  54  5:03  Pylon  
  55  5:10  Probe  
  55  5:13  Probe (Chrono Boost)  
  57  5:16  Immortal  
  57  5:21  Protoss Ground Weapons Level 1 (Chrono Boost)  
  61  5:25  Probe (Chrono Boost)  
  61  5:28  Probe (Chrono Boost)  
  63  5:32  Probe (Chrono Boost)  
  63  5:35  Probe (Chrono Boost)  
  65  5:36  Twilight Council  
  65  5:39  Probe, Pylon  
  66  5:46  Probe  
  66  5:48  Stalker  
  69  6:06  Gateway x2  
  69  6:10  Adept  
  71  6:12  Adept  
  71  6:13  Charge  
  71  6:16  Templar Archives  
  73  6:25  Gateway  
  73  6:27  Gateway, Observer  
  73  6:38  Gateway  
  73  6:39  Warp Prism  
  73  6:41  Gateway  
  73  6:47  Pylon  
  75  6:48  Pylon  
  75  6:56  High Templar  
  75  6:58  Pylon  
  77  7:08  High Templar x3  
  83  7:16  Archon x2  
  83  7:23  Zealot x2  
  83  7:26  Pylon  
  83  7:28  Nexus  
  83  7:29  Pylon  
  87  7:33  High Templar x2  
  87  7:35  Zealot  
  93  7:38  Archon  
  93  7:46  Zealot x5  
  98  8:06  High Templar x2  
  98  8:11  Zealot x7  
Tags
 
Add a new tag
Caveats
  • Supply blocks, unpowered buildings, or Contaminate may cause inaccurate times.
  • Supply counts are checked every 10 seconds.